 Dungeon Crawl Stone Soup version 0.26-a0-118-g49ad786 (webtiles) character file.

Game seed: 10913959689506951855

9671 shmeve the Cleaver (level 11, -2/101 HPs)
             Began as a Minotaur Berserker on June 29, 2020.
             Was a High Priest of Trog.
             Slain by an eight-headed hydra (9 damage)
             ... on level 10 of the Dungeon.
             The game lasted 00:17:11 (10732 turns).

shmeve the Cleaver (Minotaur Berserker)            Turns: 10732, Time: 00:17:12

Health: -2/101     AC: 17    Str: 23    XL:     11   Next: 26%
Magic:  10/10      EV:  6    Int:  5    God:    Trog [*****.]
Gold:   423        SH: 18    Dex: 11    Spells: 10/10 levels left

rFire    . . .     SeeInvis .   a - +0 hand axe
rCold    . . .     Faith    .   p - +0 tower shield
rNeg     . . .     Spirit   .   e - +0 plate armour
rPois    .         Reflect  .   L - +1 hat
rElec    .         Harm     .   r - +0 cloak
rCorr    .                      (no gloves)
MR       .....                  K - +0 pair of boots
Stlth    ..........             (no amulet)
HPRegen  0.26/turn              (no ring)
MPRegen  0.12/turn              (no ring)

@: no status effects
A: retaliatory headbutt, horns 2
a: Berserk, Trog's Hand, Brothers in Arms, Renounce Religion


You were on level 10 of the Dungeon.
You worshipped Trog.
Trog was extremely pleased with you.
You were not hungry.

You visited 2 branches of the dungeon, and saw 11 of its levels.
You also visited: Ossuary.

You collected 478 gold pieces.
You spent 55 gold pieces at shops.

Inventory:

Hand Weapons
 a - a +0 hand axe (weapon)
Missiles
 l - 13 boomerangs (quivered)
 s - 51 poisoned darts
 D - 3 throwing nets
Armour
 e - a +0 plate armour (worn)
 p - a +0 tower shield (worn)
 r - a +0 cloak (worn)
 K - a +0 pair of boots (worn)
 L - a +1 hat (worn)
Jewellery
 j - an uncursed ring of poison resistance {unknown}
 o - an uncursed amulet of magic regeneration {unknown}
 q - an uncursed amulet of reflection {unknown}
 A - a +6 ring of strength {unknown}
Scrolls
 h - 2 scrolls of noise {unknown}
 i - 3 scrolls of enchant weapon {unknown}
 m - 4 scrolls of teleportation
 n - 2 scrolls of magic mapping {unknown}
 t - 4 scrolls of fear {unknown}
 u - 2 scrolls of blinking {unknown}
 v - 2 scrolls of summoning {unknown}
 x - 4 scrolls of remove curse {unknown}
 y - 4 scrolls of identify {unknown}
 B - a scroll of enchant armour {unknown}
 I - a scroll of immolation {unknown}
Potions
 b - 7 potions of curing {unknown}
 d - 3 potions of cancellation {unknown}
 f - 4 potions of flight {unknown}
 g - 6 potions of lignification {unknown}
 k - a potion of stabbing {unknown}
 w - 3 potions of berserk rage
 z - a potion of brilliance {unknown}
 E - 2 potions of degeneration {unknown}
 F - a potion of mutation {unknown}
 G - 3 potions of might {unknown}
 H - a potion of haste {unknown}
 J - a potion of invisibility {unknown}
Comestibles
 c - 21 rations
 C - 12 chunks of flesh


   Skills:
 * Level 10.4 Fighting
 * Level 10.5 Axes
 + Level 5.6 Throwing
 + Level 7.4 Armour
 + Level 6.7 Dodging
 * Level 10.4 Shields


You had 10 spell levels left.
You didn't know any spells.
Your spell library was empty.

Dungeon Overview and Level Annotations

Branches:
Dungeon (10/15)            Temple (1/1) D:4            Lair (0/6) D:9
Ossuary (visited)
    Orc: D:9-12

Altars:
Cheibriados
Kikubaaqudgha
Qazlal
Vehumet
The Shining One

Shops:
D:10 *

Annotations:
D:10 2 runed translucent doors, travv0's ghost, journeyman GrBe


Innate Abilities, Weirdness & Mutations

You reflexively headbutt those who attack you in melee.
You have a pair of horns on your head.


Message History

Throwing (i - inventory. (/) - cycle)
l - 13 boomerangs (quivered)
Press: ? - help, Shift-Dir - straight line, f/p - eight-headed hydra
Aim: an eight-headed hydra (moderately wounded)
You throw a boomerang.
The boomerang barely misses the eight-headed hydra.
The eight-headed hydra bites you but does no damage.
The eight-headed hydra barely misses you.
You block the eight-headed hydra's attack.
The eight-headed hydra bites you but does no damage. x2
The eight-headed hydra barely misses you.
You block the eight-headed hydra's attack. x2
Unknown command.
Throwing (i - inventory. (/) - cycle)
l - 13 boomerangs (quivered)
Press: ? - help, Shift-Dir - straight line, f/p - eight-headed hydra
Aim: an eight-headed hydra (moderately wounded)
You throw a boomerang.
The boomerang hits the eight-headed hydra!
The eight-headed hydra is moderately wounded.
The eight-headed hydra bites you!
You die...

##.......#
######.### .#
# #.# .# # #.#
.# # #.# .# #
#.# .# # #.#
(# #
#.##########D#
#
#..........@.#
#
#..###########
# #..# # #..#
### #..# ..#
#..# ..# #...
..# #.## ..#
#.


You could see an eight-headed hydra.

Vanquished Creatures
  Erica (D:8)
  2 two-headed ogres
  An unseen horror (D:10)
  Pikel (D:7)
  A merfolk (D:9)
  Grinder (D:4)
  A hippogriff (D:10)
  4 yaks (D:10)
  A hungry ghost (D:7)
  2 ice beasts
  4 slaves (D:7)
  3 orc warriors
  7 ogres
  5 phantoms
  2 sky beasts
  7 centaurs
  8 bullfrogs
  A water moccasin zombie (D:8)
  A wyvern skeleton (D:9)
  A scorpion (D:8)
  6 killer bees (D:8)
  4 wights (D:9)
  3 howler monkeys
  7 crimson imps
  2 centaur zombies
  7 hounds
  2 bullfrog zombies
  3 human zombies (Ossuary)
  7 orc wizards
  3 orc priests
  2 bullfrog skeletons
  4 centaur skeletons
  An iguana (D:8)
  11 worker ants
  A killer bee zombie (D:5)
  A big kobold zombie (Ossuary)
  4 hound zombies
  A hound skeleton (D:9)
  3 mummies (Ossuary)
  7 adders
  4 gnolls (D:10)
  2 shadow imps
  2 adder skeletons
  4 adder zombies (Ossuary)
  3 worms
  2 dart slugs (D:1)
  A leopard gecko (D:1)
  30 orcs
  A ball python (D:5)
  4 giant cockroaches
  2 gnoll zombies (Ossuary)
  7 goblins
  12 hobgoblins
  12 jackals
  4 quokkas
  7 bats
  2 frilled lizards
  3 goblin zombies (Ossuary)
  7 hobgoblin zombies (Ossuary)
  A jackal skeleton (D:7)
  A jackal zombie (Ossuary)
  6 kobolds
  5 kobold zombies (Ossuary)
  A leopard gecko zombie (D:6)
  An orc zombie (Ossuary)
  2 quokka zombies (Ossuary)
  3 rats
  A rat zombie (Ossuary)
263 creatures vanquished.

Notes
Turn   | Place    | Note
-------+----------+-------------------------------------------
     0 | D:1      | shmeve the Minotaur Berserker began the quest for the Orb.
     0 | D:1      | Reached XP level 1. HP: 19/19 MP: 0/0
   236 | D:1      | Reached XP level 2. HP: 20/27 MP: 1/1
   931 | D:2      | Reached XP level 3. HP: 33/33 MP: 2/2
  1018 | D:2      | Reached ** piety under Trog
  1193 | D:2      | Reached skill level 1 in Throwing
  1383 | D:2      | Reached skill level 1 in Shields
  1509 | D:3      | Reached XP level 4. HP: 40/40 MP: 3/3
  1827 | D:3      | Found an ancient bone altar of Kikubaaqudgha.
  2255 | D:4      | Reached XP level 5. HP: 46/46 MP: 4/4
  2382 | D:4      | Noticed Grinder
  2403 | D:4      | Killed Grinder
  2403 | D:4      | Reached skill level 5 in Fighting
  2403 | D:4      | Reached skill level 5 in Axes
  2403 | D:4      | Reached skill level 5 in Shields
  2403 | D:4      | Reached XP level 6. HP: 52/56 MP: 5/5
  2535 | D:4      | Reached XP level 7. HP: 59/61 MP: 6/6
  3343 | D:4      | Found a staircase to the Ecumenical Temple.
  3408 | Temple   | Entered the Ecumenical Temple
  3541 | D:5      | Entered Level 5 of the Dungeon
  3743 | D:5      | Reached *** piety under Trog
  3807 | D:5      | Reached XP level 8. HP: 55/70 MP: 7/7
  5394 | D:6      | Reached **** piety under Trog
  5817 | D:6      | Reached skill level 5 in Armour
  5817 | D:6      | Reached XP level 9. HP: 64/79 MP: 8/8
  6295 | D:7      | Noticed Pikel
  6328 | D:7      | Killed Pikel
  6483 | D:7      | Reached skill level 5 in Dodging
  7354 | D:8      | Found a sand-covered staircase.
  7359 | Ossuary  | Entered an ossuary
  7712 | D:8      | Reached ***** piety under Trog
  7916 | D:8      | Reached XP level 10. HP: 90/90 MP: 9/9
  8249 | D:8      | Noticed Erica
  8261 | D:8      | Killed Erica
  8910 | D:9      | Received a gift from Trog
  9411 | D:9      | Found a staircase to the Lair.
  9584 | D:9      | Noticed a two-headed ogre
  9590 | D:9      | Killed a two-headed ogre
  9590 | D:9      | Reached skill level 5 in Throwing
  9715 | D:10     | Entered Level 10 of the Dungeon
  9734 | D:10     | Noticed a two-headed ogre
  9750 | D:10     | Killed a two-headed ogre
  9750 | D:10     | Reached skill level 10 in Fighting
  9750 | D:10     | Reached skill level 10 in Axes
  9750 | D:10     | Reached skill level 10 in Shields
  9834 | D:10     | Reached XP level 11. HP: 99/99 MP: 10/10
  9878 | D:10     | Found Voomieri's General Store.
  9886 | D:10     | Bought a potion of berserk rage for 55 gold pieces
  9902 | D:10     | Got a faintly glowing scale mail
  9913 | D:10     | Identified the +3 scale mail of the Fiddle {+Blink MR-
                  | Dex+4} (You found it on level 10 of the Dungeon)
  9981 | D:10     | Killed an unseen horror
 10152 | D:10     | Found a runed translucent door.
 10152 | D:10     | Noticed a skeletal warrior
 10152 | D:10     | Noticed a flayed ghost
 10152 | D:10     | Noticed a flayed ghost
 10152 | D:10     | Noticed a skeletal warrior
 10152 | D:10     | Noticed a lich
 10153 | D:10     | Noticed a necromancer
 10153 | D:10     | Noticed a skeletal warrior
 10156 | D:10     | Noticed travv0's ghost (journeyman GrBe)
 10159 | D:10     | Found a runed translucent door.
 10721 | D:10     | Noticed an eight-headed hydra
 10732 | D:10     | Slain by an eight-headed hydra

Illustrated notes

Levels and vault maps discovered:
D:1:      minmay_arrival_wavy_path, layout_basic, hex_large, minmay_pentomino_w4
D:2:      layout_loops_cross
D:3:      layout_rooms, lemuel_doored_altar, first_ration
D:4:      layout_basic, minmay_temple_entry_fiery, uniq_grinder
D:5:      layout_gridville, grunt_ministairs_8
D:6:      layout_basic, minmay_misc_feat_enclosed, minivault_19, minivault_1
D:7:      layout_gridville, uniq_pikel
D:8:      layout_gridville, serial_glass, glass_columns_c, glass_columns_a,
          enter_ossuary_2, uniq_erica
D:9:      layout_roguey, lair_entry_dummy, hangedman_fish_farm
D:10:     layout_basic, serial_shops, shop, muffindrake_ghost_dual_entry
Temple:   nicolae_temple_the_god_donut

Skill      XL: |  1  2  3  4  5  6  7  8  9 10 |
---------------+-------------------------------+-----
Axes           | 4 5 6 7 8 10 | 10.5
Fighting       | 4 5 6 7 8 10 | 10.4
Throwing       | 1 2 3 4 5 |  5.6
Shields        | 2 4 5 6 7 8 10 | 10.4
Armour         | 3 4 5 6 7 |  7.4
Dodging        | 3 4 5 6 |  6.7

Action                   |  1- 3 |  4- 6 |  7- 9 | 10-12 || total
-------------------------+-------+-------+-------+-------++-------
Melee: Hand axe          |    79 |    90 |   674 |   295 ||  1138
       Headbutt          |    13 |    17 |   129 |    89 ||   248
Throw: Dart              |       |     7 |    16 |     1 ||    24
       Boomerang         |       |     2 |     7 |    10 ||    19
Invok: Berserk           |     1 |     1 |     5 |     6 ||    13
       Trog's Hand       |       |     2 |     3 |     1 ||     6
  Use: Scroll            |       |       |       |     1 ||     1
  Eat: Chunk             |     3 |     5 |    19 |    14 ||    41
       Ration            |       |       |     3 |       ||     3
Armor: Plate armour      |    65 |    41 |   281 |   131 ||   518
Dodge: Dodged            |    24 |    28 |    76 |    50 ||   178
Block: Tower shield      |       |    15 |   527 |   259 ||   801

Table legend:
 A = Non-vault XP
 B = Vault XP
 C = Vault XP percentage of total XP
 D = Non-vault monster count
 E = Vault monster count
 F = Vault count percentage of total count
                 A         B        C        D         E       F
            +---------+---------+-------+---------+---------+-------
      Total |   11273 |    2543 |  18.4 |     212 |      47 |  18.1
            +---------+---------+-------+---------+---------+-------
        D:1 |      26 |      13 |  33.3 |      14 |       6 |  30.0
        D:2 |      47 |       0 |   0.0 |      17 |       0 |   0.0
        D:3 |      91 |       0 |   0.0 |      19 |       0 |   0.0
        D:4 |     776 |     290 |  27.2 |      14 |       1 |   6.7
        D:5 |     562 |      66 |  10.5 |      19 |       2 |   9.5
        D:6 |    1068 |       0 |   0.0 |      28 |       0 |   0.0
        D:7 |    1103 |     673 |  37.9 |      25 |       1 |   3.8
        D:8 |    1418 |     907 |  39.0 |      29 |       1 |   3.3
        D:9 |    1857 |     293 |  13.6 |      20 |       1 |   4.8
       D:10 |    4325 |       0 |   0.0 |      27 |       0 |   0.0
    Ossuary |       0 |     301 | 100.0 |       0 |      35 | 100.0
            +---------+---------+-------+---------+---------+-------
